 Dungeon Crawl Stone Soup version 0.30-a0-591-g3c58d2bc28 (webtiles) character file.

Game seed: 10767179187949869305

0 drugrobin the Sneak (level 1, -3/18 HPs)
             Began as a Demigod Delver on Jan 6, 2023.
             Killed from afar by Duvessa (8 damage)
             ... with a puff of flame
             ... on level 5 of the Dungeon.
             The game lasted 00:00:43 (52 turns).

drugrobin the Sneak (Demigod Delver)                  Turns: 52, Time: 00:00:44

Health: -3/18      AC:  3    Str: 13    XL:     1   Next: 0%
Magic:  3/3        EV: 11    Int: 12    God:
Gold:   0          SH:  0    Dex: 15    Spells: 0/0 levels left

rFire   . . .      SeeInvis .      - Unarmed
rCold   . . .      Faith    .    (no shield)
rNeg    . . .      Spirit   .    a - +0 leather armour
rPois   .          Reflect  .    (no helmet)
rElec   .          Harm     .    (no cloak)
rCorr   .          Rampage  .    (no gloves)
Will    .....                    (no boots)
Stlth   +++                      (no amulet)
HPRegen 0.23/turn                (no ring)
MPRegen 0.08/turn                (no ring)

@: hasted, very quick
A: high MP 1, forlorn, divine attributes
a: no special abilities


You were on level 5 of the Dungeon.
You visited 1 branch of the dungeon, and saw 1 of its levels.

Inventory:

Armour
 a - a +0 leather armour (worn)
Wands
 f - a wand of digging (1)
Scrolls
 b - a scroll of fog
 d - a scroll of fear


   Skills:
 - Level 2.6 Fighting
 - Level 1.7 Dodging
 - Level 4.5 Stealth
 + Level 1.7 Unarmed Combat


You couldn't memorise any spells.
You didn't know any spells.
Your spell library was empty.

Dungeon Overview and Level Annotations

Branches:
Dungeon (5/15)
 Temple: D:4-7

Annotations:
D:5 Dowan, Duvessa


Innate Abilities, Weirdness & Mutations

You have an increased reservoir of magic. (+10% MP)
You shall have no god before yourself.
Your divine heritage dramatically boosts your attributes as you level up.


Message History

Unknown command.
Unknown command.
Unknown command.
Unknown command.
Unknown command.
Unknown command.
Unknown command.
Unknown command.
Unknown command.
Unknown command.
Unknown command.
Unknown command.
Unknown command.
Duvessa, Sister of Dowan comes into view.
She is wielding a +0 short sword and carrying a wand of flame (8).
Unknown command.
Unknown command.
You feel yourself speed up.
Unknown command.
Unknown command.
Duvessa shouts!
Dowan shouts!
Dowan gestures wildly while chanting.
Dowan blinks!
Unknown command.
Unknown command.
The iguana bites you!
Dowan mumbles some strange words.
Dowan blinks!
Unknown command.
Duvessa hits you with a +0 short sword!
* * * LOW HITPOINT WARNING * * *
Unknown command.
Found a large moonstone ring.
Dowan gestures wildly while chanting.
Dowan blinks!
Unknown command.
Unknown command.
Unknown command.
Unknown command.
Duvessa zaps a wand.
The puff of flame hits you!
You die...

##.####.....# ##...##
##.##......# ##+##
##.#......# *,*
##..#,,,** *****,**
##.#**** *,<,,,,* ###g###
*,,*,,,** #...l.#
*,,,,,,,*
#...e.######..#,,,**
#...ยง..@e...=..,,,******
#.....######..#,,,,,,,,,
#.....# *,,***,******
####### *,,,,,,* *,,,,,,*
********


You could see Duvessa, Dowan, an iguana and a gnoll.

Vanquished Creatures (others)
  13 plants (D:5)
13 creatures vanquished.

Notes
Turn   | Place    | Note
-------+----------+-------------------------------------------
     0 | D:5      | drugrobin the Demigod Delver began the quest for the Orb.
     0 | D:5      | Reached XP level 1. HP: 18/18 MP: 3/3
     7 | D:5      | Noticed a gnoll bouda
    22 | D:5      | Noticed an iguana
    37 | D:5      | Noticed Dowan
    43 | D:5      | Noticed Duvessa
    52 | D:5      | Killed from afar by Duvessa

Illustrated notes

Levels and vault maps discovered:
D:5:      kennysheep_kobold_camp, layout_loops_corners, uniq_duvessa,
          uniq_pikel, uniq_eustachio

Action                   || total
-------------------------++-------
Evoke: Wand              ||     2
  Use: Scroll            ||     1
       Potion            ||     1

Table legend: (Time is in decaauts)
 A = Elapsed time spent in this place.
 B = Non-inter-level travel time spent in this place.
 C = Inter-level travel time spent in this place.
 D = Time resting spent in this place.
 E = Time spent auto-exploring this place.
 F = Levels seen in this place.
 G = Mean time per level.
                   A        B        C        D        E       F      G
               +--------+--------+--------+--------+--------+-----+--------+
         Total |     49 |     49 |      0 |      0 |      0 |   1 |   49.0 |
       Dungeon |     49 |     49 |      0 |      0 |      0 |   1 |   49.0 |
               +--------+--------+--------+--------+--------+-----+--------+

Top non-repeatable levels by time:
     D:5: 49 daAuts
